 Dungeon Crawl Stone Soup version 0.30-a0-1103-g25895a7845 (webtiles) character file.

Game seed: 2636235044584476807

20644 Demosthentine the Fighter (level 12, -9/88 HPs)
             Began as a Demonspawn Gladiator on Apr 18, 2023.
             Was a Priest of Hepliaklqana.
             Mangled by a freezing wraith (12 damage)
             ... on level 12 of the Dungeon.
             The game lasted 00:14:56 (12029 turns).

Demosthentine the Fighter (Demonspawn Gladiator)   Turns: 12029, Time: 00:14:57

Health: -9/88      AC:  6    Str: 16    XL:     12   Next: 47%
Magic:  0/28       EV: 17    Int: 12    God:    Hepliaklqana [***...]
Gold:   902        SH:  5    Dex: 16    Spells: 11/11 levels left

rFire   . . .      SeeInvis +    B - +2 trident (flame)
rCold   . . .      Faith    .    F - +0 buckler
rNeg    . . .      Spirit   +    z - +0 steam dragon scales
rPois   +          Reflect  .    (helmet unavailable)
rElec   .          Rampage  .    s - scarf {repulsion}
rCorr   +                        (no gloves)
Will    .....                    (boots unavailable)
Stlth   +                        v - amulet of Viarphurch {Spirit rPois Slay+2}
HPRegen 0.34/turn                t - ring of magical power
MPRegen 0.21/turn                D - ring of resist corrosion

@: mighty, slowed, repel missiles, very slow
A: reduced essence, antennae 3, hooves 3, spiny 2, weakness stinger 1
a: Renounce Religion, Recall Ancestor, Ancestor Identity, Transference


You were on level 12 of the Dungeon.
You worshipped Hepliaklqana.
Hepliaklqana was most pleased with you.
You visited 2 branches of the dungeon, and saw 13 of its levels.
You also visited: Ossuary.

You collected 1186 gold pieces.
You spent 284 gold pieces at shops.

Inventory:

Hand Weapons
 B - a +2 trident of flaming (weapon)
Missiles
 e - a javelin (quivered)
Armour
 s - a scarf of repulsion (worn)
 z - +0 steam dragon scales (worn)
 F - a +0 buckler (worn)
Jewellery
 t - a ring of magical power (left hand)
 v - the amulet of Viarphurch (around neck) {Spirit rPois Slay+2}
   (You bought it in a shop on level 5 of the Dungeon)

   [amulet of guardian spirit]

   It causes incoming damage to be divided between your reserves of health and
   magic.
   Slay:      It affects your accuracy & damage with ranged weapons and melee
   (+2).
   rPois:     It protects you from poison.
 D - a ring of resist corrosion (right hand)
Wands
 a - a wand of acid (7)
 p - a wand of charming (12)
 r - a wand of flame (10)
Scrolls
 c - a scroll of fear
 g - 2 scrolls of teleportation
 j - 4 scrolls of enchant weapon
 k - 2 scrolls of amnesia
 q - 4 scrolls of fog
 u - 5 scrolls of enchant armour
 C - a scroll of brand weapon
Potions
 b - a potion of might
 f - 7 potions of curing
 h - 3 potions of heal wounds
 i - 3 potions of attraction
 l - a potion of brilliance
 m - 4 potions of resistance
 n - 2 potions of haste
 o - 2 potions of mutation
 w - a potion of berserk rage
 x - a potion of cancellation
 A - a potion of invisibility
 E - a potion of flight {unknown}
 G - a potion of lignification


   Skills:
 + Level 10.4 Fighting
 + Level 9.8 Polearms
 - Level 1.7 Throwing
 - Level 6.0 Armour
 + Level 9.7 Dodging
 - Level 5.1 Shields
 + Level 9.8 Invocations


You had 11 spell levels left.
You didn't know any spells.
Your spell library contained the following spells:

 Spells                   Type           Power      Damage    Failure   Level
 Slow                     Hex            0%         N/A       38%         1
 Cigotuvi's Dreadful Rot  Necr/Pois/Air  0%         N/A       54%         2
 Ensorcelled Hibernation  Hex/Ice        0%         N/A       54%         2
 Poisonous Vapours        Pois/Air       0%         N/A       54%         2
 Confusing Touch          Hex            0%         N/A       77%         3
 Frozen Ramparts          Ice            0%         1d1       77%         3
 Ignite Poison            Fire/Tmut/Pois 0%         N/A       77%         3
 Mephitic Cloud           Conj/Pois/Air  0%         N/A       77%         3
 Ozocubu's Armour         Ice            0%         N/A       77%         3
 Spider Form              Tmut/Pois      0%         N/A       77%         3
 Vampiric Draining        Necr           0%         2d6       77%         3
 Anguish                  Hex/Necr       0%         N/A       99%         4
 Dispel Undead            Necr           0%         3d6       99%         4
 Ice Form                 Ice/Tmut       0%         N/A       99%         4
 Summon Ice Beast         Ice/Summ       0%         N/A       99%         4
 Freezing Cloud           Conj/Ice/Air   0%         6-21      100%        5
 Death Channel            Necr           0%         N/A       100%        6
 Summon Cactus Giant      Summ           0%         N/A       100%        6
 Ozocubu's Refrigeration  Ice            0%         4d7       100%        7
 Summon Horrible Things   Summ           0%         N/A       100%        8


Dungeon Overview and Level Annotations

Branches:
Dungeon (12/15)            Temple (1/1) D:6            Lair (0/5) D:9
    Orc (0/2) D:10        Ossuary (visited)

Altars:
Ashenzari
Cheibriados
Dithmenos
Fedhas
Gozag
Hepliaklqana
Kikubaaqudgha
Makhleb
Nemelex Xobeh
Okawaru
Qazlal
Ru
Sif Muna
Trog
Uskayaw
Vehumet
Wu Jian
Xom
Yredelemnul

Shops:
D:1 [   D:2 [   D:5 *

Annotations:
D:12 Sifi's ghost, journeyman AtFi


Innate Abilities, Weirdness & Mutations

Your life essence is reduced to manifest your ancestor. (-10% HP)
You have a pair of large antennae on your head. (SInv)
You have hooves in place of feet.
You are mostly covered in sharp spines.
You have a small tail.


Message History

You feel as though you will be slow longer.
Sifi's ghost wails, "I have seen your future, and it is all used up."
You impale the freezing wraith!! You burn the freezing wraith.
You destroy the freezing wraith!
The freezing wraith completely misses you.
You block the freezing wraith's attack.
You closely miss the freezing wraith. You kick the freezing wraith.
The freezing wraith is lightly damaged.
The freezing wraith is struck by your spines.
The freezing wraith hits you! The freezing wraith freezes you!!
The freezing wraith barely misses you.
You are too injured to fight recklessly!
You are too injured to fight recklessly!
You are too injured to fight recklessly!
You hit the freezing wraith but do no damage.
The freezing wraith is moderately damaged.
The freezing wraith hits you.
* * * LOW HITPOINT WARNING * * *
The freezing wraith freezes you!
* * * LOW HITPOINT WARNING * * *
The freezing wraith hits you.
* * * LOW HITPOINT WARNING * * *
You feel much better.
The freezing wraith hits you but does no damage.
The freezing wraith hits you. The freezing wraith drains your vigour!
You feel as though you will be slow longer.
The freezing wraith hits you.
* * * LOW HITPOINT WARNING * * *
The freezing wraith freezes you!
* * * LOW HITPOINT WARNING * * *
The freezing wraith hits you.
* * * LOW HITPOINT WARNING * * *
The freezing wraith drains your vigour!
You feel as though you will be slow longer.
You puncture the freezing wraith! You burn the freezing wraith!
The freezing wraith is severely damaged.
The freezing wraith hits you!
* * * LOW HITPOINT WARNING * * *
The freezing wraith freezes you!
You die...

..# ..# .#####
.##..## .##...#
.#....# |.(...#
.'....##############
.##.............@WW##
###..#############..#
.##### ##.# ..# #
#####.### ..#
#.#.#.#...# .##
#$...W#...# ##
#8?..W'...#
#.?...'...#
#8[...'..##


You could see a freezing wraith and Sifi's ghost.

Vanquished Creatures
  Jorgrun (D:12)
  Josephine (D:11)
  2 two-headed ogres (D:12)
  A boulder beetle (D:12)
  A shadow wraith (D:12)
  A phantasmal warrior (D:12)
  A deep elf pyromancer (D:11)
  A manticore (D:11)
  Maggie (D:7)
  A gargoyle (D:10)
  Psyche (D:10)
  3 freezing wraiths (D:12)
  3 kobold demonologists (D:12)
  6 slime creatures (D:12)
  A shadow (D:10)
  6 yaks
  3 wyverns
  6 wraiths
  2 steam dragons
  3 vampire mosquitoes
  3 wargs (D:9)
  A water moccasin (D:7)
  2 orc warriors
  An ice beast (D:7)
  4 ogres
  4 black bears
  10 centaurs
  A kobold brigand (D:9)
  2 bullfrogs
  4 gnoll sergeants
  3 scorpions
  5 wights
  4 killer bees (D:9)
  5 howler monkeys
  6 crimson imps (D:9)
  2 centaur zombies (Ossuary)
  4 hounds
  3 jellies
  6 orc priests
  Crazy Yiuf (D:4)
  A gnoll bouda (D:7)
  A sleepcap (D:6)
  3 iguanas
  10 orc wizards
  5 mummies (Ossuary)
  Robin (D:3)
  17 gnolls
  6 adders
  4 shadow imps
  5 white imps
  An ufetubus (D:6)
  A worm (D:2)
  2 dart slugs
  25 orcs
  5 bats
  3 endoplasms
  3 giant cockroaches
  A gnoll zombie (Ossuary)
  12 goblins
  9 hobgoblins
  3 jackals (D:1)
  14 kobolds
  4 quokkas
  5 ball pythons
  6 frilled lizards
  A goblin zombie (Ossuary)
  3 hobgoblin zombies (Ossuary)
  An orc zombie (Ossuary)
  6 rats
274 creatures vanquished.

Vanquished Creatures (collateral kills)
  Gastronok (D:9)
  A boulder beetle (D:11)
  An ugly thing (D:12)
  A kobold demonologist (D:9)
  3 slime creatures (D:12)
  A vampire (D:10)
  A steam dragon (D:9)
  2 yaks (D:9)
  2 centaurs
  A gnoll sergeant (D:11)
  An electric eel (D:11)
  5 orc priests
  2 gnolls
  A white imp (D:8)
  5 orcs
28 creatures vanquished.

Vanquished Creatures (others)
  7 hexers
  An orc wizard (D:4)
  4 gnolls
12 creatures vanquished.

Grand Total: 314 creatures vanquished

Notes
Turn   | Place    | Note
-------+----------+-------------------------------------------
     0 | D:1      | Demosthentine the Demonspawn Gladiator began the quest for
                  | the Orb.
     0 | D:1      | Reached XP level 1. HP: 16/16 MP: 1/1
    30 | D:1      | Found Bih Meic's Armour Shop.
   136 | D:1      | Discovered your monstrous ancestry.
   136 | D:1      | Gained mutation: You have large cloven feet. [demonic
                  | ancestry]
   136 | D:1      | Reached XP level 2. HP: 22/22 MP: 2/2
   280 | D:1      | Reached skill level 1 in Armour
   494 | D:1      | Gained mutation: You are partially covered in sharp spines.
                  | [demonic ancestry]
   494 | D:1      | Reached XP level 3. HP: 28/28 MP: 3/3
  1407 | D:2      | Found Moeffevi's Antique Armour Shoppe.
  1647 | D:3      | Noticed Robin
  1656 | D:3      | Reached XP level 4. HP: 30/34 MP: 4/4
  1668 | D:3      | Killed Robin
  1751 | D:3      | Found an ornate altar of the Wu Jian Council.
  1783 | D:3      | Reached skill level 3 in Fighting
  1908 | D:3      | Found a basalt altar of Yredelemnul.
  2324 | D:4      | Reached XP level 5. HP: 41/41 MP: 5/5
  2395 | D:4      | Found a runed translucent door.
  2396 | D:4      | Noticed Crazy Yiuf
  2466 | D:4      | Found a broken altar of Ashenzari.
  2569 | D:4      | Gained mutation: You have a pair of small antennae on your
                  | head. [demonic ancestry]
  2569 | D:4      | Reached XP level 6. HP: 10/47 MP: 6/6
  2787 | D:4      | Reached skill level 4 in Fighting
  2792 | D:4      | Gained mutation: You have a pair of antennae on your head.
                  | [demonic ancestry]
  2792 | D:4      | Reached XP level 7. HP: 16/54 MP: 7/7
  2949 | D:4      | Found a sparkling altar of Nemelex Xobeh.
  3000 | D:4      | Found a stormy altar of Qazlal.
  3009 | D:4      | Got the Parchment of the Calescent Commander
  3153 | D:4      | Killed Crazy Yiuf
  3212 | D:5      | Entered Level 5 of the Dungeon
  3288 | D:5      | Found an opulent altar of Gozag.
  3689 | D:5      | Reached skill level 5 in Fighting
  3689 | D:5      | Reached skill level 5 in Polearms
  3689 | D:5      | Reached skill level 5 in Dodging
  3689 | D:5      | Gained mutation: You have hoof-like feet. [demonic
                  | ancestry]
  3689 | D:5      | Reached XP level 8. HP: 31/62 MP: 8/8
  4186 | D:5      | Found Raredghoy's Assorted Antiques.
  4194 | D:5      | Bought a bubbling purple potion for 26 gold pieces
  4194 | D:5      | Bought a scroll labelled JENONG IWNA for 29 gold pieces
  4194 | D:5      | Bought a pitted silver amulet for 145 gold pieces
  4194 | D:5      | Identified the amulet of Viarphurch {Spirit rPois Slay+2}
                  | (You bought it in a shop on level 5 of the Dungeon)
  4194 | D:5      | Bought a yellow potion for 26 gold pieces
  4199 | D:5      | Bought a scroll of identify for 58 gold pieces
  4296 | D:6      | Found a staircase to the Ecumenical Temple.
  4333 | Temple   | Entered the Ecumenical Temple
  4543 | Temple   | Became a worshipper of Hepliaklqana the Forgotten
  4660 | D:6      | Found a shimmering altar of Xom.
  4772 | D:6      | Identified the +14 chain mail of Dust Devil {Fly rCorr
                  | Int-5}
  5554 | D:7      | Found a snail-covered altar of Cheibriados.
  5760 | D:7      | Identified the staff of fire "Digrili" {rF+ rN++ Str-4
                  | Int+3}
  5967 | D:7      | Reached skill level 6 in Fighting
  5967 | D:7      | Reached skill level 5 in Armour
  6113 | D:7      | Gained mutation: You are mostly covered in sharp spines.
                  | [demonic ancestry]
  6113 | D:7      | Reached XP level 9. HP: 69/69 MP: 9/9
  6562 | D:7      | Reached * piety under Hepliaklqana
  6563 | D:7      | Noticed Maggie
  6575 | D:7      | Killed Maggie
  6576 | D:7      | Reached skill level 7 in Fighting
  6782 | D:8      | Found a sand-covered staircase.
  6794 | Ossuary  | Entered an ossuary
  6919 | Ossuary  | Reached skill level 1 in Invocations
  7100 | D:8      | Identified the +0 leather armour of Insecurity {Str+3
                  | Int+2}
  7427 | D:9      | Gained mutation: You have hooves in place of feet. [demonic
                  | ancestry]
  7427 | D:9      | Reached XP level 10. HP: 71/71 MP: 12/12
  7437 | D:9      | Reached ** piety under Hepliaklqana
  7438 | D:9      | Remembered your ancestor Mirna as a hexer
  7558 | D:9      | Found a staircase to the Lair.
  7731 | D:9      | Noticed Gastronok
  7860 | D:9      | Reached skill level 8 in Fighting
  7880 | D:9      | Reached skill level 5 in Invocations
  8103 | D:9      | Killed Gastronok
  8479 | D:10     | Entered Level 10 of the Dungeon
  8526 | D:10     | Gained mutation: You have a small tail. [demonic ancestry]
  8526 | D:10     | Reached XP level 11. HP: 73/78 MP: 15/15
  8724 | D:10     | Noticed Psyche
  8734 | D:10     | Killed Psyche
  8777 | D:10     | Found a staircase to the Orcish Mines.
  9498 | D:11     | Reached skill level 9 in Fighting
  9510 | D:11     | HP: 2/80 [orc warrior/+0 trident (4)]
  9749 | D:11     | Noticed a deep elf pyromancer
  9753 | D:11     | Killed a deep elf pyromancer
 10183 | D:11     | Noticed a boulder beetle
 10201 | D:11     | Killed a boulder beetle
 10368 | D:11     | Reached *** piety under Hepliaklqana
 10486 | D:11     | Noticed Josephine
 10495 | D:11     | Killed Josephine
 10793 | D:12     | Noticed a two-headed ogre
 10795 | D:12     | Noticed a sun demon
 10891 | D:12     | Noticed a two-headed ogre
 10898 | D:12     | Killed a two-headed ogre
 10968 | D:12     | Killed a two-headed ogre
 11067 | D:12     | Noticed a boulder beetle
 11087 | D:12     | Killed a boulder beetle
 11088 | D:12     | Gained mutation: You have a pair of large antennae on your
                  | head. (SInv) [demonic ancestry]
 11088 | D:12     | Reached XP level 12. HP: 77/87 MP: 18/18
 11246 | D:12     | Reached skill level 10 in Fighting
 11392 | D:12     | Noticed Jorgrun
 11414 | D:12     | Killed Jorgrun
 11415 | D:12     | Reached skill level 5 in Shields
 11579 | D:12     | Found a runed translucent gate.
 11579 | D:12     | Found a runed translucent gate.
 11579 | D:12     | Found a runed translucent gate.
 11582 | D:12     | Noticed Sifi's ghost (journeyman AtFi)
 11811 | D:12     | HP: 1/87 [shadow wraith (15)]
 12029 | D:12     | HP: 3/88 [freezing wraith (7)]
 12029 | D:12     | Mangled by a freezing wraith

Illustrated notes

Levels and vault maps discovered:
D:1:      lemuel_arrival_behind_the_door_small, layout_loops_corners,
          serial_shops, nicolae_shop_rolling_square
D:2:      layout_loops_ring, basic_altar, serial_shops,
          nicolae_shop_tiny_waterfront
D:3:      layout_basic, dreamdust_divine_triumvirate, lemuel_crystal_altar,
          nzn_wu_jian_council_hall, uniq_robin
D:4:      layout_rooms, mainiacjoe_overflow_cross_hatched, ashenzari_altar_1,
          nemelex_spade_bored_becter, st_stairs_13, uniq_crazy_yiuf_cottage
D:5:      layout_loops_ring, nicolae_gozag_seed_capital, serial_shops,
          nicolae_shop_pleasant_corner_grove
D:6:      layout_basic, mainiacjoe_overflow_surrounded_room, temple_fountains
D:7:      layout_basic, lemuel_round_altar, nzn_random_ring, uniq_maggie
D:8:      layout_cave_pools, nicolae_ossuary_entry_monument, serial_glass,
          glass_columns_c, glass_columns_b
D:9:      layout_small_grid, erik_lair_orcish_takeover, serial_glass,
          glass_columns_a, glass_columns_b, glass_columns_a, glass_columns_a,
          glass_columns_a, glass_columns_c, glass_columns_a, glass_columns_c,
          feat_on_display, minmay_strange_pillars, minmay_strange_pillars,
          minmay_crystal_water, minmay_nine_imps, uniq_gastronok
D:10:     layout_loops_ring, orc_0_dummy, uniq_psyche
D:11:     layout_basic, uniq_josephine
D:12:     layout_gridville, gammafunk_ghost_spectres, uniq_jorgrun
Temple:   nicolae_temple_bog_church

Skill      XL: |  1  2  3  4  5  6  7  8  9 10 11 12 |
---------------+-------------------------------------+-----
Polearms       | 3 4 5 6 7 8 9 |  9.8
Armour         | 1 2 3 5 6 |  6.0
Dodging        | 3 4 5 6 7 8 9 |  9.7
Fighting       | 3 4 5 6 7 8 9 10 | 10.4
Invocations    | 2 6 8 9 |  9.8
Shields        | 2 4 5 |  5.1
Throwing       | |  1.7

Action                     |  1- 3 |  4- 6 |  7- 9 | 10-12 || total
---------------------------+-------+-------+-------+-------++-------
  Melee: Trident           |    99 |   120 |   259 |   379 ||   857
         Kick              |    10 |    26 |    62 |   104 ||   202
         Punch             |     1 |     1 |     5 |     2 ||     9
         Tailslap          |       |       |       |    30 ||    30
  Throw: Throwing net      |       |     3 |     2 |     1 ||     6
 Invoke: Ancestor Life: He |       |       |       |     1 ||     1
         Recall Ancestor   |       |       |       |     2 ||     2
    Use: Scroll            |     6 |     1 |    13 |     6 ||    26
         Potion            |       |     1 |       |     9 ||    10
   Stab: Sleeping          |     1 |       |     3 |       ||     4
         Held in net/web   |       |     1 |     1 |     1 ||     3
         Distracted        |       |       |     1 |     8 ||     9
         Confused          |       |       |       |     3 ||     3
 Armour: Leather armour    |    18 |    24 |    22 |       ||    64
         Steam dragon scal |       |       |     5 |    44 ||    49
         Skin              |       |       |       |     6 ||     6
  Dodge: Dodged            |    49 |    50 |   112 |   220 ||   431
         Repelled          |       |       |     1 |     3 ||     4
  Block: Buckler           |       |       |       |     7 ||     7

Table legend: (Time is in decaauts)
 A = Elapsed time spent in this place.
 B = Non-inter-level travel time spent in this place.
 C = Inter-level travel time spent in this place.
 D = Time resting spent in this place.
 E = Time spent auto-exploring this place.
 F = Levels seen in this place.
 G = Mean time per level.
                   A        B        C        D        E       F      G
               +--------+--------+--------+--------+--------+-----+--------+
         Total |  12041 |  11570 |    471 |    511 |   9125 |  14 |  860.1 |
       Dungeon |  11607 |  11145 |    462 |    511 |   8821 |  12 |  967.2 |
        Temple |    233 |    224 |      9 |      0 |    192 |   1 |  233.0 |
       Ossuary |    200 |    200 |      0 |      0 |    112 |   1 |  200.0 |
               +--------+--------+--------+--------+--------+-----+--------+

Top non-repeatable levels by time:
    D:11: 1323 daAuts
     D:7: 1242 daAuts
    D:12: 1198 daAuts
     D:5: 1079 daAuts
     D:9: 1062 daAuts
     D:6: 1016 daAuts
    D:10: 1005 daAuts
     D:1: 931 daAuts
     D:4: 915 daAuts
     D:3: 710 daAuts
     D:2: 682 daAuts
     D:8: 439 daAuts
  Temple: 233 daAuts
 Ossuary: 200 daAuts
